Workbook
Name cotation: Feuil2!$A$1:$A$6
Name cotation2: Feuil2!$A$1:$A$4
Name thématiques: Feuil2!$B$19:$B$35

Sheet Mode d'emploi
A1: Se situer selon les 22 critères impératifs du référentiel HAS V2027
B2: Outil Certification HAS V2027 - HBT - V1 - Août 2026 / référence HAS : ACDC_CED_R004_L
B4: Date de l'évaluation | D4: JJ/MM/AAAA
B5: NOM DU SITE | D5: Site
B6: NOM DU SERVICE | D6: Service
A7: Mode d'emploi
A8: Pour chaque critère, une auto-évaluation est réalisée en groupe pluriprofessionnel au niveau de chaque élément d’évaluation, à partir d'un menu déroulant : - OUI : l’élément d’évaluation est totalement satisfait. - NON : l’élément d’évaluation dans son intégralité est non satisfait. - NA : l'élément d'évaluation n'est pas applicable ou pas évaluable. - RI : la réponse du patient n'est pas appropriée. Les cotations NA (Non Applicable) ou RI (Réponse Inappropriée) ne sont pas intégrées dans le calcul du score. Cette auto-évaluation permet d'obtenir un score par critère. La grille de cotation se fonde sur le Manuel de Certification HAS V2027 et précise les méthodes d'investigation utilisées : PT : Patient Traceur / PCT : Parcours Traceur / AS : Audit Système / TC : Traceur Ciblé / OBS : Observations ainsi que les cibles : PRO = Professionnel / PAT = Patient / GOUV = Gouvernance / ENCA = Encadrement Cet outil est partagé gratuitement par Les Hôpitaux du Bassin de Thau. Toute reproduction non autorisée ainsi que tout usage commercial sont interdits. © 2026 STUDIO HBT pour Les Hôpitaux du Bassin de Thau. N'hésitez pas à nous faire part de vos remarques, questions ou suggestions : Michael BESSE
B9: mbesse@ch-bassindethau.fr

Sheet Grille de cotation
B1: Outil Certification HAS V2027 - HBT - V1 - Août 2026 / référence HAS : ACDC_CED_R004_L
A2: Se situer selon les 22 critères impératifs du référentiel HAS V2027 | L2: > Résultats
A4: N° | B4: Chap. | C4: Critère impératif | D4: Score | E4: Elément d'évaluation | F4: Méthode | G4: Cible | H4: Réponse | I4: Dénominateur | J4: Score EA | K4: Somme | L4: Commentaires
A5: 1 | B5: 1 | C5: Critère 1.1-01 Le patient bénéficie du respect de son intimité et de sa dignité au sein d’un environnement sécurisé. TOUT L'ÉTABLISSEMENT | D5: =IFERROR(K5/I5,"") -> 0 | E5: Du point de vue du patient, les conditions d’accueil et de prise en charge ont respecté sa dignité et son intimité. | F5: PT | G5: PAT | I5: =(ROWS(H5:H9)-COUNTIF(H5:H9, "NA")-COUNTIF(H5:H9, "RI")) -> 5 | J5: =IF(H5="OUI", 1, IF(H5="NON", 0, IF(H5="NA", 0, IF(H5="RI", 0)))) -> FALSE | K5: =SUM(J5:J9) -> 0
E6: Du point de vue du patient, les accès extérieurs, les circulations, les locaux de consultation et d'hospitalisation, la signalétique, permettent de circuler aisément. | F6: PT | G6: PAT | J6: =IF(H6="OUI", 1, IF(H6="NON", 0, IF(H6="NA", 0, IF(H6="RI", 0)))) -> FALSE
E7: Les pratiques garantissent la dignité et l'intimité du patient. | F7: OBS | G7: OBS | J7: =IF(H7="OUI", 1, IF(H7="NON", 0, IF(H7="NA", 0, IF(H7="RI", 0)))) -> FALSE
E8: Les locaux et les équipements garantissent la dignité, l'intimité et la sécurité des patients. | F8: OBS | G8: OBS | J8: =IF(H8="OUI", 1, IF(H8="NON", 0, IF(H8="NA", 0, IF(H8="RI", 0)))) -> FALSE
E9: Les personnes, particulièrement en situation de handicap physique, mental et sensoriel, peuvent accéder à l’établissement et y circuler aisément. | F9: OBS | G9: OBS | J9: =IF(H9="OUI", 1, IF(H9="NON", 0, IF(H9="NA", 0, IF(H9="RI", 0)))) -> FALSE
A10: 2 | B10: 1 | C10: Critère 1.1-02 Le patient mineur bénéficie d’une prise en charge adaptée, continue et coordonnée intégrant ses besoins familiaux et éducatifs. TOUT L'ÉTABLISSEMENT | D10: =IFERROR(K10/I10,"") -> 0 | E10: Des solutions d’accueil, voire d'hébergement pour les hospitalisations longues ou itératives, sont proposées aux parents pour qu'ils puissent s’impliquer dans les soins 24h/24, sauf décision médicale motivée dans le projet personnalisé de soins. | F10: PT | G10: PAT | I10: =(ROWS(H10:H15)-COUNTIF(H10:H15, "NA")-COUNTIF(H10:H15, "RI")) -> 6 | J10: =IF(H10="OUI", 1, IF(H10="NON", 0, IF(H10="NA", 0, IF(H10="RI", 0)))) -> FALSE | K10: =SUM(J10:J15) -> 0
E11: Pour les hospitalisations longues et/ou itératives, une prise en charge éducative et scolaire adaptée aux besoins est proposée au mineur en lien avec ses parents. | F11: PT | G11: PAT | J11: =IF(H11="OUI", 1, IF(H11="NON", 0, IF(H11="NA", 0, IF(H11="RI", 0)))) -> FALSE
E12: Dans les services accueillant des mineurs, y compris dans un service d’adultes, les professionnels sont formés aux spécificités de cette prise en charge. | F12: PT | G12: PRO | J12: =IF(H12="OUI", 1, IF(H12="NON", 0, IF(H12="NA", 0, IF(H12="RI", 0)))) -> FALSE
E13: Lorsque le mineur atteint d’une maladie chronique entre dans la phase de transition de l’adolescence vers l’âge adulte, l'équipe pédiatrique/pédopsychiatrique se coordonne avec l'équipe prenant en charge les patients adultes afin d’assurer la continuité du parcours de soins. | F13: PCT | G13: PRO | J13: =IF(H13="OUI", 1, IF(H13="NON", 0, IF(H13="NA", 0, IF(H13="RI", 0)))) -> FALSE
E14: Avant la sortie du mineur, l'équipe met à jour son carnet de santé pour les informations utiles à son suivi. | F14: PCT | G14: PRO | J14: =IF(H14="OUI", 1, IF(H14="NON", 0, IF(H14="NA", 0, IF(H14="RI", 0)))) -> FALSE
E15: Dans les services accueillant des mineurs, y compris dans un service d’adultes, les bonnes pratiques sont appliquées : locaux respectueux de l'intimité, de la dignité et de la sécurité, activités ludiques et éducatives adaptées à l'âge… | F15: OBS | G15: OBS | J15: =IF(H15="OUI", 1, IF(H15="NON", 0, IF(H15="NA", 0, IF(H15="RI", 0)))) -> FALSE
A16: 3 | B16: 1 | C16: Critère 1.1-05 Le patient bénéficie de soins visant à anticiper ou à soulager rapidement sa douleur. TOUT L'ÉTABLISSEMENT | D16: =IFERROR(K16/I16,"") -> 0 | E16: Le patient est incité à exprimer sa douleur, dès lors qu'il la ressent ou est susceptible de la ressentir, et ce jusqu’au soulagement de la douleur et à une amélioration de son bien être et/ou de sa qualité de vie. | F16: PT | G16: PAT | I16: =(ROWS(H16:H20)-COUNTIF(H16:H20, "NA")-COUNTIF(H16:H20, "RI")) -> 5 | J16: =IF(H16="OUI", 1, IF(H16="NON", 0, IF(H16="NA", 0, IF(H16="RI", 0)))) -> FALSE | K16: =SUM(J16:J20) -> 0
E17: L'équipe trace, à l’appui d’une échelle adaptée, l'évaluation de la douleur même si le patient n'est pas douloureux. | F17: PT | G17: PRO | J17: =IF(H17="OUI", 1, IF(H17="NON", 0, IF(H17="NA", 0, IF(H17="RI", 0)))) -> FALSE
E18: Le suivi de l'efficacité de la thérapeutique repose sur des réévaluations tracées dans le dossier et les bonnes pratiques de traitement (respect des recommandations, paliers…). | F18: PT | G18: PRO | J18: =IF(H18="OUI", 1, IF(H18="NON", 0, IF(H18="NA", 0, IF(H18="RI", 0)))) -> FALSE
E19: L'équipe identifie les opportunités de substitution par des interventions non médicamenteuses, lorsque c'est adapté. | F19: PT | G19: PRO | J19: =IF(H19="OUI", 1, IF(H19="NON", 0, IF(H19="NA", 0, IF(H19="RI", 0)))) -> FALSE
E20: Les équipes améliorent leurs pratiques au regard des résultats de leurs indicateurs de prise en charge de la douleur. | F20: PCT | G20: PRO | J20: =IF(H20="OUI", 1, IF(H20="NON", 0, IF(H20="NA", 0, IF(H20="RI", 0)))) -> FALSE
A21: 4 | B21: 1 | C21: Critère 1.1-06 Le patient est protégé contre toute forme de maltraitance. TOUT L'ÉTABLISSEMENT | D21: =IFERROR(K21/I21,"") -> 0 | E21: Les maltraitances internes qui relèvent d’une infraction pénale, dont les violences sexuelles et sexistes commises contre des patients, sont déclarées aux autorités compétentes. | F21: AS | G21: GOUV | I21: =(ROWS(H21:H26)-COUNTIF(H21:H26, "NA")-COUNTIF(H21:H26, "RI")) -> 6 | J21: =IF(H21="OUI", 1, IF(H21="NON", 0, IF(H21="NA", 0, IF(H21="RI", 0)))) -> FALSE | K21: =SUM(J21:J26) -> 0
E22: Les professionnels connaissent les signes d’alerte qui peuvent indiquer qu’un patient est victime d’une maltraitance interne (psychologique, violence sexuelle, violence physique, violence obstétricale, abus de faiblesse, négligences...), à l'appui des recommandations de bonnes pratiques et d'outils permettant le repérage. | F22: AS | G22: PRO | J22: =IF(H22="OUI", 1, IF(H22="NON", 0, IF(H22="NA", 0, IF(H22="RI", 0)))) -> FALSE
E23: Les professionnels savent signaler une suspicion de maltraitances internes (psychologique, violence sexuelle, violence physique, violence obstétricale, abus de faiblesse, négligences...). | F23: AS | G23: PRO | J23: =IF(H23="OUI", 1, IF(H23="NON", 0, IF(H23="NA", 0, IF(H23="RI", 0)))) -> FALSE
E24: Les professionnels connaissent les actions à mettre en place pour protéger les patients victimes de maltraitance interne suspectée ou avérée (psychologique, violence sexuelle, violence physique, violence obstétricale, abus de faiblesse, négligences...). | F24: AS | G24: PRO | J24: =IF(H24="OUI", 1, IF(H24="NON", 0, IF(H24="NA", 0, IF(H24="RI", 0)))) -> FALSE
E25: Du point de vue du patient, les pratiques professionnelles sont bientraitantes (réponses aux besoins élémentaires, les intervenants se présentent, portes de chambres fermées...) même en situation de tension d'activité. | F25: PT | G25: PAT | J25: =IF(H25="OUI", 1, IF(H25="NON", 0, IF(H25="NA", 0, IF(H25="RI", 0)))) -> FALSE
E26: L'autonomie du patient pour ses besoins élémentaires (repas, hydratation, hygiène corporelle, habillage, élimination, mobilité...) est évaluée tout au long de son séjour. | F26: PT | G26: PRO | J26: =IF(H26="OUI", 1, IF(H26="NON", 0, IF(H26="NA", 0, IF(H26="RI", 0)))) -> FALSE
A27: 5 | B27: 1 | C27: Critère 1.2-07 Le patient est informé de tout évènement indésirable associé aux soins dans une démarche de transparence fondée sur sa déclaration et son analyse. TOUT L'ÉTABLISSEMENT | D27: =IFERROR(K27/I27,"") -> 0 | E27: Les professionnels chargés d'annoncer un dommage associé aux soins ont bénéficié d'une formation aux bonnes pratiques d’annonce. | F27: TC | G27: PRO | I27: =(ROWS(H27:H32)-COUNTIF(H27:H32, "NA")-COUNTIF(H27:H32, "RI")) -> 6 | J27: =IF(H27="OUI", 1, IF(H27="NON", 0, IF(H27="NA", 0, IF(H27="RI", 0)))) -> FALSE | K27: =SUM(J27:J32) -> 0
E28: Le patient, et ses proches s’il le souhaite, est informé, de préférence dans les 24h et sans dépasser les 15 jours, de l’évènement indésirable associé aux soins, de ses conséquences et des mesures immédiates prises. | F28: TC | G28: PRO | J28: =IF(H28="OUI", 1, IF(H28="NON", 0, IF(H28="NA", 0, IF(H28="RI", 0)))) -> FALSE
E29: Pour tout évènement indésirable associé aux soins, le patient, et ses proches lorsqu’il le souhaite, reçoit une information sur le plan de soin de suivi et les recours possibles. | F29: TC | G29: PRO | J29: =IF(H29="OUI", 1, IF(H29="NON", 0, IF(H29="NA", 0, IF(H29="RI", 0)))) -> FALSE
E30: Du point de vue de l’équipe, la gouvernance promeut une culture positive, juste et non punitive de l’erreur. | F30: TC | G30: PRO | J30: =IF(H30="OUI", 1, IF(H30="NON", 0, IF(H30="NA", 0, IF(H30="RI", 0)))) -> FALSE
E31: Pour chaque EIGS, une analyse des causes profondes, réalisée selon une méthode reconnue par la HAS et associant les professionnels concernés, conduit à des modifications organisationnelles ou de pratiques. | F31: TC | G31: PRO | J31: =IF(H31="OUI", 1, IF(H31="NON", 0, IF(H31="NA", 0, IF(H31="RI", 0)))) -> FALSE
E32: Chaque EIGS est déclaré sur le portail national de signalement, avec un volet 2 déposé dans un délai maximal de trois mois après le volet 1. | F32: TC | G32: PRO | J32: =IF(H32="OUI", 1, IF(H32="NON", 0, IF(H32="NA", 0, IF(H32="RI", 0)))) -> FALSE
A33: 6 | B33: 1 | C33: Critère 1.3-01 Le patient exprime son consentement libre et éclairé sur son projet de soins personnalisé et ses modalités de prise en charge. TOUT L'ÉTABLISSEMENT | D33: =IFERROR(K33/I33,"") -> 0 | E33: Pour consentir à son projet personnalisé de soins, les différentes options, notamment thérapeutiques, leurs bénéfices et leurs risques, sont présentées au patient pour qu’il exprime ses préférences et besoins en prenant en compte ses conditions de vie habituelles, ses capacités et ses vulnérabilités. | F33: PT | G33: PAT | I33: =(ROWS(H33:H38)-COUNTIF(H33:H38, "NA")-COUNTIF(H33:H38, "RI")) -> 6 | J33: =IF(H33="OUI", 1, IF(H33="NON", 0, IF(H33="NA", 0, IF(H33="RI", 0)))) -> FALSE | K33: =SUM(J33:J38) -> 0
E34: Du point de vue du patient, son expérience sur sa maladie et son état de santé est prise en compte pour adapter son projet personnalisé de soins (parcours et traitements). | F34: PT | G34: PAT | J34: =IF(H34="OUI", 1, IF(H34="NON", 0, IF(H34="NA", 0, IF(H34="RI", 0)))) -> FALSE
E35: Pour établir un projet personnalisé de soins, une évaluation globale initiale (médicale, psychologique, sociale, autonomie, rééducation) du patient est effectuée par des professionnels impliquant les disciplines concernées et la contribution des soins de support. | F35: PT | G35: PRO | J35: =IF(H35="OUI", 1, IF(H35="NON", 0, IF(H35="NA", 0, IF(H35="RI", 0)))) -> FALSE
E36: Les modalités de mise en œuvre du projet personnalisé de soins, notamment lorsqu'elles incluent des restrictions de libertés, sont justifiées et individualisées selon l'état de santé du patient. | F36: PT | G36: PRO | J36: =IF(H36="OUI", 1, IF(H36="NON", 0, IF(H36="NA", 0, IF(H36="RI", 0)))) -> FALSE
E37: Selon l’évolution de l’évaluation initiale et/ou d'une dégradation potentielle de la santé, y compris mentale, de sa vulnérabilité, des besoins et des préférences du patient, le projet personnalisé de soins est adapté. | F37: PT | G37: PRO | J37: =IF(H37="OUI", 1, IF(H37="NON", 0, IF(H37="NA", 0, IF(H37="RI", 0)))) -> FALSE
E38: Une synthèse des objectifs de prise en charge, issue du projet personnalisé de soins, est accessible dans le dossier. | F38: PT | G38: PRO | J38: =IF(H38="OUI", 1, IF(H38="NON", 0, IF(H38="NA", 0, IF(H38="RI", 0)))) -> FALSE
A39: 7 | B39: 1 | C39: Critère 1.4-02 La satisfaction et l'expérience du patient sont prises en compte. TOUT L'ÉTABLISSEMENT | D39: =IFERROR(K39/I39,"") -> 0 | E39: L'établissement améliore la participation de ses patients aux enquêtes de satisfaction et d'expérience des patients : amélioration des taux de remise des questionnaires internes, amélioration des taux de retours des patients, amélioration des collectes et transmission des adresses mails des patients pour e-Satis... | F39: AS | G39: GOUV | I39: =(ROWS(H39:H44)-COUNTIF(H39:H44, "NA")-COUNTIF(H39:H44, "RI")) -> 6 | J39: =IF(H39="OUI", 1, IF(H39="NON", 0, IF(H39="NA", 0, IF(H39="RI", 0)))) -> FALSE | K39: =SUM(J39:J44) -> 0
E40: La gouvernance pilote les actions d’amélioration issues de l’analyse des résultats de la satisfaction et de l’expérience des patients ainsi que la contribution des représentants des usagers. | F40: AS | G40: GOUV | J40: =IF(H40="OUI", 1, IF(H40="NON", 0, IF(H40="NA", 0, IF(H40="RI", 0)))) -> FALSE
E41: Les équipes des unités de soins ou plateaux techniques disposent de questionnaires sur l’expérience des patients (PREMS) : e-Satis, enquêtes de satisfaction... | F41: AS | G41: PRO | J41: =IF(H41="OUI", 1, IF(H41="NON", 0, IF(H41="NA", 0, IF(H41="RI", 0)))) -> FALSE
E42: Les résultats des évaluations de la satisfaction et de l'expérience des patients, déclinés par unité sont partagés au moins annuellement avec les équipes de soins (résultats et verbatim e-Satis, autres dispositifs internes). | F42: AS | G42: PRO | J42: =IF(H42="OUI", 1, IF(H42="NON", 0, IF(H42="NA", 0, IF(H42="RI", 0)))) -> FALSE
E43: L'équipe analyse ses propres résultats et verbatim d'e-Satis, ou autres dispositifs de recueil de la satisfaction et l'expérience des patients, et met en place des actions d'amélioration. | F43: AS | G43: PRO | J43: =IF(H43="OUI", 1, IF(H43="NON", 0, IF(H43="NA", 0, IF(H43="RI", 0)))) -> FALSE
E44: Pour tout évènement indésirable grave associé aux soins (EIGS), le récit du patient et de ses proches s'il le souhaite est systématiquement intégré à l’analyse. | F44: TC | G44: PRO | J44: =IF(H44="OUI", 1, IF(H44="NON", 0, IF(H44="NA", 0, IF(H44="RI", 0)))) -> FALSE
A45: 8 | B45: 2 | C45: Critère 2.1-12 Les équipes réalisent un examen somatique pour tout patient hospitalisé en psychiatrie. SANTÉ MENTALE ET PSYCHIATRIE | D45: =IFERROR(K45/I45,"") -> 0 | E45: Un examen somatique est réalisé, éventuellement par le psychiatre, dans les 24 h d’une hospitalisation complète sans consentement en psychiatrie. | F45: PT | G45: PRO | I45: =(ROWS(H45:H48)-COUNTIF(H45:H48, "NA")-COUNTIF(H45:H48, "RI")) -> 4 | J45: =IF(H45="OUI", 1, IF(H45="NON", 0, IF(H45="NA", 0, IF(H45="RI", 0)))) -> FALSE | K45: =SUM(J45:J48) -> 0
E46: Pour le patient hospitalisé en soins libres, sans passage par un service d'urgences, l’examen somatique est réalisé, éventuellement par le psychiatre, dans un délai adapté à son profil (maximum 3 jours ouvrés). | F46: PT | G46: PRO | J46: =IF(H46="OUI", 1, IF(H46="NON", 0, IF(H46="NA", 0, IF(H46="RI", 0)))) -> FALSE
E47: Si le patient est passé par les urgences, le compte rendu du passage aux urgences est intégré dans son dossier et les consignes de suivi sont mises en œuvre, suivies et tracées. | F47: PT | G47: PRO | J47: =IF(H47="OUI", 1, IF(H47="NON", 0, IF(H47="NA", 0, IF(H47="RI", 0)))) -> FALSE
E48: En hospitalisation complète et ambulatoire, les comorbidités somatiques et leur suivi sont accessibles dans le dossier, y compris lorsque le suivi somatique est réalisé en ville. | F48: PT | G48: PRO | J48: =IF(H48="OUI", 1, IF(H48="NON", 0, IF(H48="NA", 0, IF(H48="RI", 0)))) -> FALSE
A49: 9 | B49: 2 | C49: Critère 2.2-02 Les équipes respectent les bonnes pratiques de prescription des médicaments. TOUT L'ÉTABLISSEMENT | D49: =IFERROR(K49/I49,"") -> 0 | E49: A l'entrée, le médecin analyse systématiquement le traitement habituel du patient pour décider s'il est pertinent de poursuivre, modifier ou arrêter ce traitement habituel et ainsi établir sa prescription. | F49: TC | G49: PRO | I49: =(ROWS(H49:H52)-COUNTIF(H49:H52, "NA")-COUNTIF(H49:H52, "RI")) -> 4 | J49: =IF(H49="OUI", 1, IF(H49="NON", 0, IF(H49="NA", 0, IF(H49="RI", 0)))) -> FALSE | K49: =SUM(J49:J52) -> 0
E50: La prescription mentionne clairement l’identification et la signature du prescripteur, la date et l'heure, la dénomination des molécules en DCI, la posologie, le solvant et son volume (injectable), et la voie d’administration. | F50: TC | G50: PRO | J50: =IF(H50="OUI", 1, IF(H50="NON", 0, IF(H50="NA", 0, IF(H50="RI", 0)))) -> FALSE
E51: Toute prescription conditionnelle est argumentée en référence à une condition de déclenchement : valeur seuil (échelle de douleur, tension artérielle, glycémie, température corporelle…) ou signe clinique (nausée, vomissement, anxiété, constipation…). | F51: TC | G51: PRO | J51: =IF(H51="OUI", 1, IF(H51="NON", 0, IF(H51="NA", 0, IF(H51="RI", 0)))) -> FALSE
E52: Les prescriptions sont réalisées en temps utile par des professionnels habilités sans retranscription par des professionnels non habilités à prescrire. | F52: TC | G52: PRO | J52: =IF(H52="OUI", 1, IF(H52="NON", 0, IF(H52="NA", 0, IF(H52="RI", 0)))) -> FALSE
A53: 10 | B53: 2 | C53: Critère 2.2-05 Les équipes respectent les bonnes pratiques d’administration des médicaments. TOUT L'ÉTABLISSEMENT | D53: =IFERROR(K53/I53,"") -> 0 | E53: Les professionnels habilités respectent les bonnes pratiques de préparation en évitant les interruptions de tâches. | F53: TC | G53: PRO | I53: =(ROWS(H53:H57)-COUNTIF(H53:H57, "NA")-COUNTIF(H53:H57, "RI")) -> 5 | J53: =IF(H53="OUI", 1, IF(H53="NON", 0, IF(H53="NA", 0, IF(H53="RI", 0)))) -> FALSE | K53: =SUM(J53:J57) -> 0
E54: Les professionnels habilités respectent les bonnes pratiques d'administration (règle des 5B). | F54: TC | G54: PRO | J54: =IF(H54="OUI", 1, IF(H54="NON", 0, IF(H54="NA", 0, IF(H54="RI", 0)))) -> FALSE
E55: Les situations à risque (injectables, médicaments reconstitués en pédiatrie, pousse seringue électrique, PCA, chimiothérapies, préparations de poches de perfusion avec reconstitution, multiplicité des préparations...) devant faire l’objet de précautions particulières ont été identifiées et les bonnes pratiques mises en œuvre. | F55: TC | G55: PRO | J55: =IF(H55="OUI", 1, IF(H55="NON", 0, IF(H55="NA", 0, IF(H55="RI", 0)))) -> FALSE
E56: L’administration du médicament ou le motif de non-administration est tracé dans son dossier au moment de la prise par les professionnels habilités. | F56: TC | G56: PRO | J56: =IF(H56="OUI", 1, IF(H56="NON", 0, IF(H56="NA", 0, IF(H56="RI", 0)))) -> FALSE
E57: Pour sécuriser la préparation et l’administration des médicaments et prévenir les risques d’erreur, les produits de santé sont stockés dans des conditions sécurisées sur l’ensemble du circuit (étiquetage en DCI, absence de mélange, suivi des températures, absence de stockage au sol, absence de périmés, obus et bouteilles arrimés...). | F57: OBS | G57: OBS | J57: =IF(H57="OUI", 1, IF(H57="NON", 0, IF(H57="NA", 0, IF(H57="RI", 0)))) -> FALSE
A58: 11 | B58: 2 | C58: Critère 2.2-06 Les équipes préviennent les risques d’erreur médicamenteuse. TOUT L'ÉTABLISSEMENT | D58: =IFERROR(K58/I58,"") -> 0 | E58: Les professionnels sont formés à la prévention du risque médicamenteux. | F58: TC | G58: PRO | I58: =(ROWS(H58:H61)-COUNTIF(H58:H61, "NA")-COUNTIF(H58:H61, "RI")) -> 4 | J58: =IF(H58="OUI", 1, IF(H58="NON", 0, IF(H58="NA", 0, IF(H58="RI", 0)))) -> FALSE | K58: =SUM(J58:J61) -> 0
E59: Les professionnels connaissent les moyens de maîtrise des médicaments les plus à risque. | F59: TC | G59: PRO | J59: =IF(H59="OUI", 1, IF(H59="NON", 0, IF(H59="NA", 0, IF(H59="RI", 0)))) -> FALSE
E60: Une liste des médicaments les plus à risque, établie de manière collégiale, est adaptée à l'activité et connue des professionnels. | F60: TC | G60: PRO | J60: =IF(H60="OUI", 1, IF(H60="NON", 0, IF(H60="NA", 0, IF(H60="RI", 0)))) -> FALSE
E61: Les préparations en atmosphère contrôlée (chimiothérapie, immunothérapie, biothérapie, nutrition parentérale, radiopharmaceutique…) sont maîtrisées (préparation, libération, transport). | F61: TC | G61: PRO | J61: =IF(H61="OUI", 1, IF(H61="NON", 0, IF(H61="NA", 0, IF(H61="RI", 0)))) -> FALSE
A62: 12 | B62: 2 | C62: Critère 2.2-08 Les équipes appliquent les précautions standard d’hygiène. TOUT L'ÉTABLISSEMENT | D62: =IFERROR(K62/I62,"") -> 0 | E62: L’équipe privilégie la désinfection des mains par friction hydroalcoolique. Elle connaît les rares indications du lavage à l’eau et au savon. | F62: TC | G62: PRO | I62: =(ROWS(H62:H67)-COUNTIF(H62:H67, "NA")-COUNTIF(H62:H67, "RI")) -> 6 | J62: =IF(H62="OUI", 1, IF(H62="NON", 0, IF(H62="NA", 0, IF(H62="RI", 0)))) -> FALSE | K62: =SUM(J62:J67) -> 0
E63: L’équipe applique les bonnes pratiques de gestion des excreta : respect des précautions standards lors des manipulations (notamment port des EPI), matériel adapté et en bon état (bassin et lave-bassin), maintenance des équipements assurée, et existence d’une procédure dégradée en cas de panne. | F63: TC | G63: PRO | J63: =IF(H63="OUI", 1, IF(H63="NON", 0, IF(H63="NA", 0, IF(H63="RI", 0)))) -> FALSE
E64: L'équipe applique les précautions et conduites à tenir en cas d'accident d'exposition à un liquide biologique (sang, urine...). | F64: TC | G64: PRO | J64: =IF(H64="OUI", 1, IF(H64="NON", 0, IF(H64="NA", 0, IF(H64="RI", 0)))) -> FALSE
E65: L'équipe, avec une équipe opérationnelle d'hygiène/équipe de prévention du risque infectieux, améliore ses pratiques en matière de précautions standards d'hygiène au regard de l'analyse d’indicateurs (ex : audits observationnels, consommation de solution hydroalcoolique, expérience rapportée par les patients sur l'hygiène des mains...). | F65: TC | G65: PRO | J65: =IF(H65="OUI", 1, IF(H65="NON", 0, IF(H65="NA", 0, IF(H65="RI", 0)))) -> FALSE
E66: Dès lors qu'ils sont dans les services de soins, de rééducation et médico-techniques, tous les professionnels appliquent les prérequis à l'hygiène des mains : zéro bijou aux mains et aux poignets, manches courtes, absence de vernis, ongles courts, mésusage des gants... | F66: OBS | G66: OBS | J66: =IF(H66="OUI", 1, IF(H66="NON", 0, IF(H66="NA", 0, IF(H66="RI", 0)))) -> FALSE
E67: Les indications d'hygiène des mains sont respectées : avant et après contact avec le patient, avant un geste aseptique et après un contact avec l’environnement du patient. | F67: OBS | G67: OBS | J67: =IF(H67="OUI", 1, IF(H67="NON", 0, IF(H67="NA", 0, IF(H67="RI", 0)))) -> FALSE
A68: 13 | B68: 2 | C68: Critère 2.2-12 Les équipes maîtrisent la prise en charge des urgences vitales. TOUT L'ÉTABLISSEMENT | D68: =IFERROR(K68/I68,"") -> 0 | E68: Le dispositif de prise en charge des urgences vitales fait l’objet d’une évaluation régulière de son efficacité, reposant notamment sur un retour d'expérience des situations réellement vécues (tracées dans le registre). | F68: AS | G68: GOUV | I68: =(ROWS(H68:H73)-COUNTIF(H68:H73, "NA")-COUNTIF(H68:H73, "RI")) -> 6 | J68: =IF(H68="OUI", 1, IF(H68="NON", 0, IF(H68="NA", 0, IF(H68="RI", 0)))) -> FALSE | K68: =SUM(J68:J73) -> 0
E69: Il existe un numéro d’appel unique et dédié, connu des professionnels, pour joindre directement un médecin habilité à intervenir en cas d’urgence vitale survenant chez un patient, un professionnel ou un visiteur. | F69: PCT | G69: PRO | J69: =IF(H69="OUI", 1, IF(H69="NON", 0, IF(H69="NA", 0, IF(H69="RI", 0)))) -> FALSE
E70: Tous les professionnels de soins sont formés aux gestes de première urgence (détection d'une urgence vitale, conduite à tenir…). | F70: PCT | G70: PRO | J70: =IF(H70="OUI", 1, IF(H70="NON", 0, IF(H70="NA", 0, IF(H70="RI", 0)))) -> FALSE
E71: Les professionnels de soins réalisent des exercices de mise en situation. | F71: PCT | G71: PRO | J71: =IF(H71="OUI", 1, IF(H71="NON", 0, IF(H71="NA", 0, IF(H71="RI", 0)))) -> FALSE
E72: Des chariots ou sacs d’urgence, adaptés aux patients pris en charge dans l’unité, sont immédiatement accessibles. | F72: OBS | G72: OBS | J72: =IF(H72="OUI", 1, IF(H72="NON", 0, IF(H72="NA", 0, IF(H72="RI", 0)))) -> FALSE
E73: Les chariots ou sacs d’urgence sont contrôlés, leur vérification est tracée. | F73: OBS | G73: OBS | J73: =IF(H73="OUI", 1, IF(H73="NON", 0, IF(H73="NA", 0, IF(H73="RI", 0)))) -> FALSE
A74: 14 | B74: 2 | C74: Critère 2.3-06 Les équipes des secteurs interventionnels maîtrisent les risques, notamment infectieux, liés aux équipements et aux pratiques professionnelles. CHIRURGIE ET INTERVENTIONNEL | D74: =IFERROR(K74/I74,"") -> 0 | E74: La prescription d'antibioprophylaxie (ou le protocole auquel elle renvoie), réalisée dès la consultation préanesthésique ou préopératoire, s’appuie sur des bonnes pratiques actualisées et adaptées au type de chirurgie, au terrain (molécule, dosage, moment de l'administration et durée de l'antibioprophylaxie) et au patient (IMC élevé, portage de germe résistant aux antibiotiques…). | F74: TC | G74: PRO | I74: =(ROWS(H74:H79)-COUNTIF(H74:H79, "NA")-COUNTIF(H74:H79, "RI")) -> 6 | J74: =IF(H74="OUI", 1, IF(H74="NON", 0, IF(H74="NA", 0, IF(H74="RI", 0)))) -> FALSE | K74: =SUM(J74:J79) -> 0
E75: L'équipe du bloc opératoire ou du secteur interventionnel s'assure que toutes les étapes de préparation du patient, selon le protocole en vigueur (douche, traitement des pilosités le cas échéant) défini avec l'équipe opérationnelle d'hygiène/équipe de prévention du risque infectieux, sont réalisées et tracées dans le dossier. | F75: TC | G75: PRO | J75: =IF(H75="OUI", 1, IF(H75="NON", 0, IF(H75="NA", 0, IF(H75="RI", 0)))) -> FALSE
E76: Avant l'acte interventionnel, l'équipe réalise l'antisepsie cutanée selon le protocole en vigueur. | F76: TC | G76: PRO | J76: =IF(H76="OUI", 1, IF(H76="NON", 0, IF(H76="NA", 0, IF(H76="RI", 0)))) -> FALSE
E77: Les professionnels des salles interventionnelles tracent la conformité des équipements opératoires à l’ouverture de la salle. | F77: TC | G77: PRO | J77: =IF(H77="OUI", 1, IF(H77="NON", 0, IF(H77="NA", 0, IF(H77="RI", 0)))) -> FALSE
E78: Les équipes des secteurs interventionnels améliorent leurs pratiques de prévention des infections sur la base d’évaluations : antibioprophylaxie, infections du site opératoire, ré hospitalisation après chirurgie ambulatoire, port des tenues, hygiène des mains, préparation cutanée, discipline (nombre de personnes en salle, ouvertures des portes, allées et venues…). | F78: TC | G78: PRO | J78: =IF(H78="OUI", 1, IF(H78="NON", 0, IF(H78="NA", 0, IF(H78="RI", 0)))) -> FALSE
E79: L’équipe porte une tenue (tunique, pantalon, masque) et utilise des équipements adaptés et strictement dédiés au secteur interventionnel. | F79: OBS | G79: OBS | J79: =IF(H79="OUI", 1, IF(H79="NON", 0, IF(H79="NA", 0, IF(H79="RI", 0)))) -> FALSE
A80: 15 | B80: 2 | C80: Critère 2.3-09 Les équipes des secteurs interventionnels améliorent leurs pratiques en analysant les modalités de réalisation de la check-list « Sécurité du patient ». CHIRURGIE ET INTERVENTIONNEL | D80: =IFERROR(K80/I80,"") -> 0 | E80: Une check-list, éventuellement adaptée selon les recommandations de la HAS, est systématiquement réalisée de façon exhaustive par les équipes des blocs opératoires et des secteurs interventionnels à chaque étape. | F80: TC | G80: PRO | I80: =(ROWS(H80:H83)-COUNTIF(H80:H83, "NA")-COUNTIF(H80:H83, "RI")) -> 4 | J80: =IF(H80="OUI", 1, IF(H80="NON", 0, IF(H80="NA", 0, IF(H80="RI", 0)))) -> FALSE | K80: =SUM(J80:J83) -> 0
E81: La check-list est réalisée en présence des professionnels concernés. | F81: TC | G81: PRO | J81: =IF(H81="OUI", 1, IF(H81="NON", 0, IF(H81="NA", 0, IF(H81="RI", 0)))) -> FALSE
E82: Des évaluations de la mise en œuvre de la check-list, dont des audits observationnels, sont réalisées par les équipes des blocs opératoires et des secteurs interventionnels (en particulier, le suivi des Go/No Go). | F82: TC | G82: PRO | J82: =IF(H82="OUI", 1, IF(H82="NON", 0, IF(H82="NA", 0, IF(H82="RI", 0)))) -> FALSE
E83: Les équipes des blocs opératoires et des secteurs interventionnels améliorent leurs pratiques au regard des résultats d'évaluations et d'indicateurs de suivi des modalités de réalisation de la check-list. | F83: TC | G83: PRO | J83: =IF(H83="OUI", 1, IF(H83="NON", 0, IF(H83="NA", 0, IF(H83="RI", 0)))) -> FALSE
A84: 16 | B84: 2 | C84: Critère 2.3-10 Les équipes mettent en œuvre des mesures de prévention des risques obstétricaux majeurs. MATERNITÉ | D84: =IFERROR(K84/I84,"") -> 0 | E84: À l'admission en maternité, l'établissement dispose de tous les éléments du dossier de la patiente recueillis en extrahospitalier et intrahospitalier, même lors des transferts en urgence. | F84: TC | G84: PRO | I84: =(ROWS(H84:H89)-COUNTIF(H84:H89, "NA")-COUNTIF(H84:H89, "RI")) -> 6 | J84: =IF(H84="OUI", 1, IF(H84="NON", 0, IF(H84="NA", 0, IF(H84="RI", 0)))) -> FALSE | K84: =SUM(J84:J89) -> 0
E85: L’équipe maîtrise l’interprétation du rythme cardiaque fœtal grâce à des programmes de formations continues. | F85: TC | G85: PRO | J85: =IF(H85="OUI", 1, IF(H85="NON", 0, IF(H85="NA", 0, IF(H85="RI", 0)))) -> FALSE
E86: L’équipe maîtrise les manœuvres obstétricales grâce à des programmes de formations continues. | F86: TC | G86: PRO | J86: =IF(H86="OUI", 1, IF(H86="NON", 0, IF(H86="NA", 0, IF(H86="RI", 0)))) -> FALSE
E87: Le matériel d’urgence vitale en cas d’hémorragie du post-partum immédiat est vérifié et conforme. | F87: TC | G87: PRO | J87: =IF(H87="OUI", 1, IF(H87="NON", 0, IF(H87="NA", 0, IF(H87="RI", 0)))) -> FALSE
E88: La procédure d’urgence vitale en cas d'hémorragie du post-partum est accessible en salles d'accouchement et connue des professionnels. | F88: TC | G88: PRO | J88: =IF(H88="OUI", 1, IF(H88="NON", 0, IF(H88="NA", 0, IF(H88="RI", 0)))) -> FALSE
E89: En référence à des recommandations de bonnes pratiques, les professionnels améliorent leurs pratiques au regard d'indicateurs de prise en charge (par exemple : HPP, épisiotomie, rupture utérine, préparation à la naissance, taux de recours à la tocolyse en cas de menace d’accouchement prématuré, travail, douleur, pertinence des césariennes, déchirures périnéales sévères...) et sur les revues de morbi mortalité, notamment l’analyse des décès inattendus. | F89: TC | G89: PRO | J89: =IF(H89="OUI", 1, IF(H89="NON", 0, IF(H89="NA", 0, IF(H89="RI", 0)))) -> FALSE
A90: 17 | B90: 2 | C90: Critère 2.3-11 Les équipes sécurisent la prise en charge du nouveau-né. MATERNITÉ | D90: =IFERROR(K90/I90,"") -> 0 | E90: L'accompagnement de l'allaitement est inscrit dans une démarche qualité formalisée (formation spécifique, professionnel formé avec un temps dédié…). | F90: PCT | G90: PRO | I90: =(ROWS(H90:H95)-COUNTIF(H90:H95, "NA")-COUNTIF(H90:H95, "RI")) -> 6 | J90: =IF(H90="OUI", 1, IF(H90="NON", 0, IF(H90="NA", 0, IF(H90="RI", 0)))) -> FALSE | K90: =SUM(J90:J95) -> 0
E91: L'ensemble des professionnels prenant en charge des nouveau-nés en secteur naissance et suites de couches est formé aux bonnes pratiques dès leur prise de fonction et tout au long de leur exercice professionnel. | F91: TC | G91: PRO | J91: =IF(H91="OUI", 1, IF(H91="NON", 0, IF(H91="NA", 0, IF(H91="RI", 0)))) -> FALSE
E92: Les professionnels connaissent les procédures de prise en charge du nouveau-né en secteur naissance et maternité (réanimation néonatale, infection néonatale…). | F92: TC | G92: PRO | J92: =IF(H92="OUI", 1, IF(H92="NON", 0, IF(H92="NA", 0, IF(H92="RI", 0)))) -> FALSE
E93: Les professionnels tracent dans le dossier patient le clampage retardé du cordon ombilical et la mise en peau à peau. Lorsqu’ils ne sont pas effectués, la raison est argumentée. | F93: TC | G93: PRO | J93: =IF(H93="OUI", 1, IF(H93="NON", 0, IF(H93="NA", 0, IF(H93="RI", 0)))) -> FALSE
E94: Les professionnels tracent la température du nouveau-né en sortie de secteur naissance et à l’admission en unité de soins. | F94: TC | G94: PRO | J94: =IF(H94="OUI", 1, IF(H94="NON", 0, IF(H94="NA", 0, IF(H94="RI", 0)))) -> FALSE
E95: En référence à des recommandations de bonnes pratiques, les équipes améliorent leurs pratiques de prise en charge des nouveau-nés en s'appuyant sur les résultats de leurs indicateurs de prise en charge (par exemple : clampage retardé du cordon, corticothérapie anténatale, suivi des températures, durée d’hospitalisation, allaitement) et sur les revues de morbi mortalité, notamment l’analyse des décès néonatals inattendus. | F95: TC | G95: PRO | J95: =IF(H95="OUI", 1, IF(H95="NON", 0, IF(H95="NA", 0, IF(H95="RI", 0)))) -> FALSE
A96: 18 | B96: 2 | C96: Critère 2.3-14 Les équipes respectent les bonnes pratiques d'isolement, qu'il soit assorti ou non de contentions, des patients hospitalisés sans consentement. SANTÉ MENTALE ET PSYCHIATRIE | D96: =IFERROR(K96/I96,"") -> 0 | E96: Dans le respect de la règlementation en vigueur et des recommandations de bonnes pratiques, la décision d’isolement prise par un psychiatre, assortie ou non d’une décision de contention, est tracée dans le dossier du patient. La décision précise les modalités de surveillance (indications, fréquence, point de contention le cas échéant). | F96: TC | G96: PRO | I96: =(ROWS(H96:H101)-COUNTIF(H96:H101, "NA")-COUNTIF(H96:H101, "RI")) -> 6 | J96: =IF(H96="OUI", 1, IF(H96="NON", 0, IF(H96="NA", 0, IF(H96="RI", 0)))) -> FALSE | K96: =SUM(J96:J101) -> 0
E97: Un examen psychiatrique et somatique est réalisé, éventuellement par le psychiatre, au moment de la mise en isolement. | F97: TC | G97: PRO | J97: =IF(H97="OUI", 1, IF(H97="NON", 0, IF(H97="NA", 0, IF(H97="RI", 0)))) -> FALSE
E98: L’isolement se fait dans un espace dédié respectant l’intimité, la dignité et la sécurité du patient. S'il est assorti d'une contention, le patient dispose d'un moyen pour appeler les soignants. | F98: TC | G98: PRO | J98: =IF(H98="OUI", 1, IF(H98="NON", 0, IF(H98="NA", 0, IF(H98="RI", 0)))) -> FALSE
E99: Dans le respect de la décision, l'infirmier surveille l’état somatique et psychique du patient et le trace dans son dossier. | F99: TC | G99: PRO | J99: =IF(H99="OUI", 1, IF(H99="NON", 0, IF(H99="NA", 0, IF(H99="RI", 0)))) -> FALSE
E100: À la sortie de l’isolement, un temps d’échange est proposé au patient afin de revenir sur l’épisode ayant conduit à la mesure d’isolement et de prévenir le risque de récidive de comportements violents. Cette analyse clinique est tracée dans le dossier du patient. | F100: TC | G100: PRO | J100: =IF(H100="OUI", 1, IF(H100="NON", 0, IF(H100="NA", 0, IF(H100="RI", 0)))) -> FALSE
E101: Les professionnels améliorent les résultats de leurs indicateurs de prise en charge en lien avec l’isolement et la contention (par exemple : durée d'isolement, durée de la contention, taux de contention/taux d'isolement, entretien post-isolement, alternatives pour éviter l'isolement...). | F101: TC | G101: PRO | J101: =IF(H101="OUI", 1, IF(H101="NON", 0, IF(H101="NA", 0, IF(H101="RI", 0)))) -> FALSE
...

Sheet Résultats
A4: Critère impératif | C4: Score
A5: 1 | B5: Intimité / Dignité | C5: ='Grille de cotation'!D5 -> 0
A6: 2 | B6: PEC du patient mineur | C6: ='Grille de cotation'!D10 -> 0
A7: 3 | B7: PEC de la douleur | C7: ='Grille de cotation'!D16 -> 0
A8: 4 | B8: Lutte contre la maltraitance | C8: ='Grille de cotation'!D21 -> 0
A9: 5 | B9: Information du patient sur les EI liés aux soins | C9: ='Grille de cotation'!D27 -> 0
A10: 6 | B10: Consentement libre et éclairé | C10: ='Grille de cotation'!D33 -> 0
A11: 7 | B11: Satisfaction / Expérience Patient | C11: ='Grille de cotation'!D39 -> 0
A12: 8 | B12: Examen somatique en Psychiatrie | C12: ='Grille de cotation'!D45 -> 0
A13: 9 | B13: BP Prescription médicaments | C13: ='Grille de cotation'!D49 -> 0
A14: 10 | B14: BP Administration médicaments | C14: ='Grille de cotation'!D53 -> 0
A15: 11 | B15: Prévention erreurs médicamenteuses | C15: ='Grille de cotation'!D58 -> 0
A16: 12 | B16: Précautions standard d'Hygiène | C16: ='Grille de cotation'!D62 -> 0
A17: 13 | B17: PEC des urgences vitales | C17: ='Grille de cotation'!D68 -> 0
A18: 14 | B18: Risque infectieux en secteurs interventionnels | C18: ='Grille de cotation'!D74 -> 0
A19: 15 | B19: Analyse de la check-list au bloc opératoire | C19: ='Grille de cotation'!D80 -> 0
A20: 16 | B20: Prévention des risques obstétricaux majeurs | C20: ='Grille de cotation'!D84 -> 0
A21: 17 | B21: PEC du nouveau-né | C21: ='Grille de cotation'!D90 -> 0
A22: 18 | B22: BP Isolement en Psychiatrie | C22: ='Grille de cotation'!D96 -> 0
A23: 19 | B23: Pertinence des prescriptions ATB | C23: ='Grille de cotation'!D102 -> 0
A24: 20 | B24: Maîtrise situations sanitaires exceptionnelles | C24: ='Grille de cotation'!D107 -> 0
A25: 21 | B25: Prévention et gestion des VSS | C25: ='Grille de cotation'!D112 -> 0
A26: 22 | B26: Prévention passage personnes âgées aux urgences | C26: ='Grille de cotation'!D117 -> 0
B29: Score global | C29: =AVERAGE(C5:C26) -> 0
B30: Taux de critères impératifs avec score = 100% | C30: =COUNTIF(C5:C26,"100%")/COUNT(C5:C26) -> 0
B31: Taux de critères impératifs avec score ≥ 80% | C31: =COUNTIF(C5:C26,">=80%")/COUNT(C5:C26) -> 0
B32: Taux de critères impératifs avec score < 80% | C32: =COUNTIF(C5:C26,"<80%")/COUNT(C5:C26) -> 1

Sheet Plan d'action
A1: Plan d'action
A2: Service : | F2: > Revenir à l'accueil
A3: Date : | F3: > Résultats
A5: Thématique | B5: écart constaté | C5: action corrective proposée | D5: pilote | E5: échéance | F5: commentaires

Sheet Feuil2
A1: OUI
A2: NON
A3: NA
A4: RI
